 Dungeon Crawl Stone Soup version 0.18-a0-1574-g3f9d221 (webtiles) character file.

139 Gottschkopf the Changer (level 5, -1/40 HPs)
             Began as a Draconian Transmuter on Mar 16, 2016.
             Slain by Crazy Yiuf
             ... wielding a +4 quarterstaff of chaos
              (14 damage)
             ... on level 2 of the Dungeon.
             The game lasted 00:07:24 (2018 turns).

Gottschkopf the Changer (Draconian Transmuter)      Turns: 2018, Time: 00:07:24

Health: -1/40      AC:  2    Str: 13    XL:     5   Next: 1%
Magic:  0/8        EV: 19    Int: 14    God:
Gold:   10         SH:  0    Dex: 16    Spells: 3 memorised, 2 levels left

rFire  . . .     SeeInvis .       - Unarmed
rCold  . . .     Gourm    .     (armour unavailable)
rNeg   . . .     Faith    .     (shield currently unavailable)
rPois  x         Spirit   .     (helmet currently unavailable)
rElec  .         Dismiss  .     (cloak currently unavailable)
rCorr  .         Reflect  .     (gloves currently unavailable)
SustAt .         Harm     .     (boots currently unavailable)
MR     +....                    (no amulet)
Stlth  ..........               j - ring of loudness (curse)
                                i - ring of protection from magic

@: spider-form (expiring), very slightly contaminated, somewhat resistant to
hostile enchantments, extremely unstealthy
A: unfitting armour, (cold-blooded), AC +5
a: End Transformation


You were on level 2 of the Dungeon.
You were not hungry.
You were a venomous arachnid creature.
You visited 1 branch of the dungeon, and saw 2 of its levels.

You collected 10 gold pieces.

Inventory:

Missiles
 a - 12 arrows
Jewellery
 i - a ring of protection from magic (left front leg)
 j - a cursed ring of loudness (right front leg)
Scrolls
 h - a scroll of remove curse {unknown}
Potions
 g - a potion of brilliance {unknown}
Books
 b - a book of Changes

   Spells                             Type                      Level
   a - Beastly Appendage              Transmutation                1
   b - Sticks to Snakes               Transmutation                2
   c - Spider Form                    Transmutation/Poison         3
   d - Ice Form                       Ice/Transmutation            4
   e - Blade Hands                    Transmutation                5
 e - a book of Ice

   Spells                             Type                      Level
   a - Ice Form                       Ice/Transmutation            4
   b - Metabolic Englaciation         Hexes/Ice                    5
   c - Ozocubu's Refrigeration        Ice                          6
   d - Bolt of Cold                   Conjuration/Ice              6
   e - Freezing Cloud                 Conjuration/Ice/Air          6
   f - Simulacrum                     Ice/Necromancy               6
Comestibles
 c - 2 bread rations
 d - a beef jerky
 f - 6 chunks of flesh


   Skills:
 - Level 1.1 Fighting
 - Level 1.7 Dodging
 - Level 4.2 Unarmed Combat
 - Level 2.0 Spellcasting
 + Level 4.3 Transmutations


You had 2 spell levels left.
You knew the following spells:

 Your Spells              Type           Power        Failure   Level  Hunger
a - Beastly Appendage     Trmt           ##....       14%         1    ##.....
b - Sticks to Snakes      Trmt           ##......     24%         2    ###....
c - Spider Form           Trmt/Pois      #.........   52%         3    ####...


Dungeon Overview and Level Annotations

Branches:
Dungeon (2/15)

Altars:
Cheibriados

Annotations:
D:2 Crazy Yiuf


Innate Abilities, Weirdness & Mutations

((Your plain brown scales are hard (AC +5).))
Your body does not fit into most forms of armour.
((You are cold-blooded and may be slowed by cold attacks.))


Message History

You feel slightly ill.
Casting: Spider Form
Confirm with . or Enter, or press ? or * to list all spells.
You miscast Spider Form.
You feel slightly ill.
Crazy Yiuf says, "Mama meccalolo ladder!"
Crazy Yiuf yells, "Gum leg shoe!"
Your talons disappear.
Crazy Yiuf grits, "Hack infinity arga!"
Casting: Spider Form
Confirm with . or Enter, or press ? or * to list all spells.
You turn into a venomous arachnid creature.
Crazy Yiuf hits you with a quarterstaff of chaos!
You barely miss Crazy Yiuf. Crazy Yiuf closely misses you.
You bite Crazy Yiuf!
Crazy Yiuf is heavily wounded.
Crazy Yiuf hits you with a quarterstaff of chaos!
You hit Crazy Yiuf but do no damage.
Crazy Yiuf is poisoned.
Crazy Yiuf is heavily wounded.
Crazy Yiuf hits you with a quarterstaff of chaos!
You die...

.... #.# #.#...... .... ##.#
#....###. .##. #.## #....# #. .#
##.## #....###. .# #...##
#........ .# # ##...# #........
.# #. ##..## #........ ..
...#####..###g...####........ ..
.............s................ .
............##................ ##
#...........##................
.###...........#####'###.....#...
.......................).....#...
.........................#####...
#........................#####...
####...........#####..........###
.................# #..........# #


You could see Crazy Yiuf.

Vanquished Creatures
  Robin (D:2)
  7 adders (D:2)
  An ooze (D:1)
  A worm (D:2)
  2 dart slugs
  2 giant cockroaches (D:2)
  17 goblins
  9 hobgoblins
  A kobold (D:1)
  5 bats (D:1)
  5 giant newts
  2 rats
53 creatures vanquished.

Notes
Turn   | Place    | Note
--------------------------------------------------------------
     0 | D:1      | Gottschkopf the Draconian Transmuter began the quest for the Orb.
     0 | D:1      | Reached XP level 1. HP: 16/16 MP: 3/3
   357 | D:1      | Reached XP level 2. HP: 17/23 MP: 3/5
   361 | D:1      | Learned a level 2 spell: Sticks to Snakes
   682 | D:1      | Reached XP level 3. HP: 28/28 MP: 4/6
   693 | D:1      | Learned a level 3 spell: Spider Form
  1356 | D:2      | Noticed Robin
  1385 | D:2      | Killed Robin
  1484 | D:2      | Reached XP level 4. HP: 22/35 MP: 5/7
  1889 | D:2      | Found a snail-covered altar of Cheibriados.
  1976 | D:2      | Reached XP level 5. HP: 38/40 MP: 8/8
  2003 | D:2      | Noticed Crazy Yiuf
  2018 | D:2      | Slain by Crazy Yiuf

Vault maps used:
D:1:      dpeg_arrival_rooms_with_view
D:2:      cheibriados_altar_1, uniq_crazy_yiuf_cottage, uniq_robin

Skill      XL: |  1  2  3  4 |
---------------+-------------+-----
Unarmed Combat | 4 |  4.2
Transmutations | 3 4 |  4.3
Fighting       | |  1.1
Dodging        | |  1.7
Spellcasting   | |  2.0

Action                   |  1- 3 |  4- 6 || total
-------------------------+-------+-------++-------
Melee: Unarmed           |   122 |    73 ||   195
 Cast: Beastly Appendage |    19 |     7 ||    26
       Spider Form       |       |     1 ||     1
  Use: Scroll            |     2 |       ||     2
       Potion            |       |     1 ||     1
  Eat: Chunk             |     2 |     3 ||     5
